Map: Lerilak Crest

Players

ByuN - Winner!

  • Race: Terran Terran

Lilbow

  • Race: Protoss Protoss

Event: IEM Season 10 - Taipei

VOD

Have the link to the VOD?

Description

Time

  • Played on: Jan. 31, 2016, 9:13 p.m.
  • Length: 6:21

All games in this series

Show
View Real Time Build Order
Export as new Build Order

ByuN Terran - Winner!

Build Orders:  

Get SALT Encoding   

  12  0:00  SCV  
  13  0:12  SCV  
  14  0:16  Supply Depot  
  14  0:25  SCV  
  15  0:38  SCV  
  15  0:40  Barracks  
  16  0:43  Refinery  
  16  0:50  SCV  
  17  1:02  SCV  
  18  1:14  SCV  
  19  1:27  Orbital Command  
  19  1:28  Barracks Reactor  
  19  1:39  Command Center  
  19  1:47  Supply Depot  
  19  1:52  SCV  
  20  2:04  Marine x2  
  22  2:08  Factory  
  22  2:10  SCV  
  23  2:22  Marine x2, SCV  
  26  2:34  SCV  
  27  2:39  Marine  
  27  2:40  Marine  
  29  2:46  SCV  
  29  2:48  Refinery  
  29  2:51  Orbital Command  
  30  2:54  Starport  
  30  2:56  Widow Mine  
  32  3:00  SCV  
  32  3:02  Marine  
  32  3:04  Marine  
  36  3:18  SCV x2  
  36  3:21  Marine x2  
  38  3:28  Supply Depot  
  38  3:30  Widow Mine, SCV x2  
  38  3:31  Medivac  
  44  3:45  SCV x2  
  46  3:49  Supply Depot  
  46  3:50  Marine x2  
  48  3:57  SCV x2  
  48  3:59  Factory Tech Lab  
  50  4:05  Medivac  
  50  4:06  Bunker  
  50  4:09  SCV x2  
  54  4:11  Marine x2  
  56  4:18  Supply Depot, Siege Tank  
  56  4:21  SCV  
  56  4:22  SCV  
  61  4:29  Marine  
  62  4:35  Bunker  
  62  4:36  Supply Depot  
  62  4:39  Marine, SCV  
  67  4:47  Marine, SCV  
  67  4:51  Refinery, SCV  
  70  4:57  Siege Tank  
  70  5:01  Supply Depot, Barracks  
  70  5:04  SCV x2  
  70  5:05  Marine x2  
  74  5:23  Marine x2  
  71  5:29  Siege Tank  
  71  5:30  Medivac  
  71  5:32  SCV x2  
  73  5:41  Marine x2  
  72  5:44  SCV x2  
  71  5:58  Marine  
  71  5:59  Marine  
  73  6:05  Bunker  
  73  6:09  Barracks  
Show
View Real Time Build Order
Export as new Build Order

Lilbow Protoss 

Build Orders: 1 Gate Expand, Blink Stalkers 

Get SALT Encoding   

  12  0:00  Probe (Chrono Boost)  
  13  0:11  Probe (Chrono Boost)  
  14  0:18  Pylon  
  14  0:22  Probe (Chrono Boost)  
  15  0:36  Probe (Chrono Boost), Gateway  
  16  0:46  Probe (Chrono Boost)  
  16  0:48  Assimilator  
  17  0:57  Probe (Chrono Boost)  
  18  1:08  Probe (Chrono Boost)  
  20  1:18  Probe (Chrono Boost)  
  20  1:22  Nexus  
  20  1:31  Cybernetics Core  
  20  1:34  Probe (Chrono Boost)  
  21  1:40  Assimilator  
  21  1:45  Probe (Chrono Boost)  
  22  1:49  Pylon  
  22  1:55  Probe (Chrono Boost)  
  23  2:08  Probe (Chrono Boost), Stalker, Warp Gate  
  26  2:18  Probe (Chrono Boost)  
  27  2:29  Probe (Chrono Boost)  
  28  2:34  Probe (Chrono Boost)  
  29  2:37  Stalker  
  29  2:38  Twilight Council  
  29  2:39  Probe (Chrono Boost)  
  32  2:45  Probe (Chrono Boost)  
  32  2:50  Probe (Chrono Boost)  
  34  2:55  Probe (Chrono Boost)  
  35  3:00  Probe (Chrono Boost)  
  36  3:06  Probe (Chrono Boost)  
  36  3:07  Stalker  
  36  3:11  Probe (Chrono Boost)  
  40  3:15  Blink (Chrono Boost)  
  40  3:16  Probe (Chrono Boost)  
  41  3:20  Pylon  
  41  3:21  Probe (Chrono Boost)  
  41  3:26  Probe (Chrono Boost)  
  43  3:31  Pylon  
  43  3:32  Probe  
  44  3:35  Mothership Core  
  46  3:44  Gateway  
  46  3:45  Gateway  
  46  3:47  Gateway  
  46  3:57  Pylon  
  46  4:04  Pylon  
  46  4:09  Gateway  
  46  4:17  Stalker  
  48  4:30  Gateway  
  48  4:40  Stalker x2  
  48  4:42  Stalker x2  
  56  4:46  Probe  
  56  4:47  Pylon, Probe  
  58  5:06  Stalker x2  
  58  5:07  Stalker x3  
  53  5:35  Stalker x3  
  51  5:36  Zealot x3  
  40  6:03  Stalker x2  
  40  6:04  Stalker, Zealot x3  
  40  6:05  Probe  
  40  6:07  Probe  

Tags
 
Add a new tag
Caveats
  • Supply blocks, unpowered buildings, or Contaminate may cause inaccurate times.
  • Supply counts are checked every 10 seconds.